 Dungeon Crawl Stone Soup version 0.26.1-2-gb8aa6d0cf2 (webtiles) character file.

Game seed: 2583181630610288953

650 Gildeon the Ruffian (level 7, -2/70 HPs)
             Began as a Troll Fighter on Mar 29, 2021.
             Was an Initiate of Nemelex Xobeh.
             Slain by a sky beast (5 damage)
             ... on level 5 of the Dungeon on Mar 30, 2021.
             The game lasted 00:08:08 (2726 turns).

Gildeon the Ruffian (Troll Fighter)                 Turns: 2726, Time: 00:08:09

Health: -2/70      AC: 14    Str: 25    XL:     7   Next: 28%
Magic:  6/6        EV: 11    Int:  5    God:    Nemelex Xobeh [......]
Gold:   258        SH:  0    Dex: 10    Spells: 6/6 levels left

rFire    . . .     SeeInvis .     - Unarmed
rCold    . . .     Faith    .   (no shield)
rNeg     . . .     Spirit   .   z - +2 robe {Will+}
rPois    .         Reflect  .   (helmet restricted)
rElec    .         Harm     .   k - +1 cloak
rCorr    .         Rampage  .   (gloves unavailable)
Will     +....                  (boots unavailable)
Stlth    +.........             (no amulet)
HPRegen  0.61/turn              b - +4 ring of protection
MPRegen  0.10/turn              y - ring of flight

@: no status effects
A: large, unfitting armour, claws 3, regeneration 1, shaggy fur 1, tough skin 3
a: Renounce Religion, Evoke Flight, Draw Escape, Draw Destruction, Draw
Summoning


You were on level 5 of the Dungeon.
You worshipped Nemelex Xobeh.
Nemelex Xobeh was noncommittal.
You visited 1 branch of the dungeon, and saw 5 of its levels.

You collected 258 gold pieces.

Inventory:

Hand Weapons
 n - a +3 quarterstaff of chaos
 p - a +2 whip of flaming
Armour
 k - a +1 cloak (worn)
 z - a +2 robe of willpower (worn)
Jewellery
 b - a +4 ring of protection (left claw)
 g - a +4 ring of evasion {unknown}
 y - a ring of flight (right claw)
Wands
 o - a wand of random effects (21)
 s - a wand of flame (34)
Scrolls
 d - a scroll of immolation {unknown}
 e - 4 scrolls of teleportation {unknown}
 f - 2 scrolls of amnesia {unknown}
 i - a scroll of blinking {unknown}
 j - 3 scrolls of noise {unknown}
 r - a scroll of magic mapping {unknown}
 t - a scroll of remove curse {unknown}
 w - 4 scrolls of identify {unknown}
Potions
 a - a potion of ambrosia {unknown}
 c - a potion of might
 h - a potion of curing {unknown}
 l - a potion of invisibility {unknown}
 m - a potion of degeneration {unknown}
 q - 3 potions of cancellation {unknown}
 u - a potion of haste {unknown}
 v - 2 potions of brilliance {unknown}
 x - a potion of mutation {unknown}


   Skills:
 + Level 4.1 Fighting
 + Level 3.0 Armour
 + Level 4.1 Dodging
 - Level 2.4 Shields
 + Level 4.4 Unarmed Combat


You had 6 spell levels left.
You didn't know any spells.
Your spell library contained the following spells:

 Spells                   Type           Power        Failure   Level
 Sandblast                Erth           0%           47%         1
 Gell's Gravitas          Tloc           0%           85%         3
 Stone Arrow              Conj/Erth      0%           85%         3
 Teleport Other           Tloc           0%           85%         3
 Iskenderun's Mystic Bla  Conj/Tloc      0%           99%         4
 Dispersal                Tloc           0%           100%        6


Dungeon Overview and Level Annotations

Branches:
Dungeon (5/15)
 Temple: D:4-7

Altars:
Gozag
Hepliaklqana
Nemelex Xobeh
Sif Muna
Xom
The Shining One


Innate Abilities, Weirdness & Mutations

You are too large for most types of armour.
You have claws for hands.
Your natural rate of healing is unusually fast.
You are covered in fur. (AC +1)
You have extremely tough skin. (AC +3)


Message History

You claw the orc!
You kill the orc!
Something hits you but does no damage. The orc hits you but does no damage.
An orc comes into view.
The orc shouts!
Something hits you but does no damage. The orc hits you but does no damage.
Things that are here:
a +0 club; an orc corpse You claw the orc!
You kill the orc!
Something hits you.
* * * LOW HITPOINT WARNING * * *
Something shocks you.
* * * LOW HITPOINT WARNING * * *
You miss something. Something hits you but does no damage. Something hits you.
* * * LOW HITPOINT WARNING * * *
Something shocks you.
You die...
Your body disappears without a glow.

...>.. .....#### .......##
....#.. .....### .. .#....
.... ##..#.#####.....
..########..##o{.).....(.
#.......>....<.@).o......
.#.........############...
.....#..##.# . #....#.##.#
#....##.#### #.........###
#...####....#
##............
###.<........


You could see an orc wizard and an orc.

Vanquished Creatures
  Pikel (D:4)
  2 lemures
  An orc priest (D:5)
  Crazy Yiuf (D:2)
  Ijyb (D:4)
  Robin (D:4)
  3 adders
  An ufetubus (D:5)
  2 oozes
  A worm (D:2)
  2 dart slugs
  2 leopard geckos (D:2)
  6 orcs
  3 bats
  2 giant cockroaches
  12 goblins
  5 hobgoblins
  5 jackals (D:2)
  2 kobolds
  A quokka (D:2)
  2 frilled lizards
  8 rats
64 creatures vanquished.

Notes
Turn   | Place    | Note
-------+----------+-------------------------------------------
     0 | D:1      | Gildeon the Troll Fighter began the quest for the Orb.
     0 | D:1      | Reached XP level 1. HP: 22/22 MP: 0/0
    28 | D:1      | You fall into a shaft and drop 1 floor!
    70 | D:2      | Reached XP level 2. HP: 29/29 MP: 1/1
   641 | D:2      | Reached XP level 3. HP: 36/36 MP: 2/2
   733 | D:2      | Reached skill level 1 in Armour
   878 | D:2      | Found a runed translucent door.
   879 | D:2      | Noticed Crazy Yiuf
   910 | D:2      | Found a glowing golden altar of the Shining One.
   946 | D:2      | Killed Crazy Yiuf
   947 | D:2      | Reached XP level 4. HP: 34/45 MP: 3/3
  1004 | D:2      | Found an opulent altar of Gozag.
  1008 | D:2      | Found a shimmering altar of Xom.
  1050 | D:2      | Found a shimmering blue altar of Sif Muna.
  1623 | D:3      | Found a sparkling altar of Nemelex Xobeh.
  1636 | D:3      | Became a worshipper of Nemelex Xobeh the Trickster
  1903 | D:4      | Noticed a lemure
  1903 | D:4      | Noticed a lemure
  1906 | D:4      | Noticed Pikel
  1920 | D:3      | Killed a lemure
  2044 | D:4      | Noticed Robin
  2077 | D:4      | Killed Robin
  2175 | D:4      | Reached XP level 5. HP: 53/53 MP: 4/4
  2231 | D:4      | Identified the Papyrus of the Warped Rocks
  2441 | D:4      | Noticed a lemure
  2442 | D:4      | Noticed a lemure
  2451 | D:4      | Killed a lemure
  2461 | D:4      | Killed Pikel
  2462 | D:4      | Reached XP level 6. HP: 50/62 MP: 5/5
  2462 | D:4      | Reached XP level 7. HP: 57/70 MP: 6/6
  2619 | D:4      | Found a hazy altar of Hepliaklqana.
  2637 | D:4      | Noticed Ijyb
  2647 | D:4      | Killed Ijyb
  2669 | D:5      | Entered Level 5 of the Dungeon
  2726 | D:5      | HP: 3/70 [something (4)]
  2726 | D:5      | Slain by a sky beast

Illustrated notes

Levels and vault maps discovered:
D:1:      matt_arrival_grand_opening, layout_basic
D:2:      layout_basic, general_overflow_altar, minitemple,
          uniq_crazy_yiuf_cottage
D:3:      layout_rooms, nemelex_dance_club_becter
D:4:      layout_basic, lemuel_crystal_altar, uniq_ijyb, uniq_pikel, uniq_robin
D:5:      layout_rooms, grunt_temple_overflow_growth_and_decay,
          nicolae_overflow_crystal_walls, moated_statue, uniq_prince_ribbit1

Skill      XL: |  1  2  3  4  5  6  7 |
---------------+----------------------+-----
Armour         | 1 2 3 |  3.0
Fighting       | 3 4 |  4.1
Dodging        | 3 4 |  4.1
Unarmed Combat | 3 4 |  4.4
Shields        | |  2.4

Action                   |  1- 3 |  4- 6 |  7- 9 || total
-------------------------+-------+-------+-------++-------
Melee: Unarmed           |    76 |   104 |    40 ||   220
       Punch             |     3 |     1 |       ||     4
  Use: Potion            |       |     4 |       ||     4
       Scroll            |       |     1 |       ||     1
 Stab: Invisible         |     1 |       |       ||     1
Armor: Robe              |    39 |    88 |    23 ||   150
Dodge: Dodged            |    52 |    82 |    21 ||   155
